 Dungeon Crawl Stone Soup version 0.24.1-14-gf8d2b509d9 (console) character file.

Game seed: 4712974279514148648, levelgen mode: deterministic

55 Kagalorn the Covered (level 3, 0/28 HPs)
             Began as a Minotaur Wanderer on July 16, 2020.
             Killed by nerve-wracking pain
             ... invoked by an orc priest
              (5 damage)
             ... on level 2 of the Dungeon.
             The game lasted 00:02:50 (906 turns).

Kagalorn the Covered (Minotaur Wanderer)             Turns: 906, Time: 00:02:50

Health: 0/28       AC:  7    Str: 19    XL:     3   Next: 67%
Magic:  4/4        EV:  7    Int:  9    God:
Gold:   46         SH:  7    Dex:  7    Spells: 4/5 levels left

rFire    . . .     SeeInvis .   a - +0 hand axe
rCold    . . .     Gourm    .   g - +0 shield
rNeg     . . .     Faith    .   l - +0 scale mail
rPois    .         Spirit   .   (helmet restricted)
rElec    .         Reflect  .   (no cloak)
rCorr    .         Harm     .   (no gloves)
MR       .....                  (no boots)
Stlth    +.........             (no amulet)
HPRegen  0.09/turn              p - ring of flight
MPRegen  0.09/turn              r - ring of stealth

@: lightly drained
A: retaliatory headbutt, horns 2
a: Evoke Flight


You were on level 2 of the Dungeon.
You were not hungry.

You visited 1 branch of the dungeon, and saw 2 of its levels.

You collected 46 gold pieces.

Inventory:

Hand Weapons
 a - a +0 hand axe (weapon)
Missiles
 h - 88 stones (quivered)
Armour
 g - a +0 shield (worn)
 l - a +0 scale mail (worn)
Jewellery
 p - a ring of flight (left hand)
 r - a ring of stealth (right hand)
Scrolls
 e - a scroll of blinking {unknown}
 i - 2 scrolls of remove curse {unknown}
 n - a scroll of magic mapping {unknown}
 o - a scroll of teleportation {unknown}
Potions
 c - a potion of curing {unknown}
 f - a potion of brilliance {unknown}
 j - a potion of invisibility {unknown}
 k - a potion of ambrosia {unknown}
 m - a potion of agility {unknown}
 q - a potion of degeneration {unknown}
 s - a potion of mutation {unknown}
Comestibles
 d - 3 rations


   Skills:
 + Level 1.2(1.0) Fighting
 * Level 3.4(3.2) Axes
 - Level 1.0(0.8) Throwing
 + Level 3.9(3.7) Armour
 + Level 0.9(0.8) Dodging
 - Level 1.0(0.8) Stealth
 + Level 1.0(0.8) Shields
 * Level 1.8(1.6) Spellcasting
 - Level 1.0(0.8) Hexes


You had 4 spell levels left.
You knew the following spells:

 Your Spells              Type           Power        Failure   Level  Hunger
a - Corona                Hex            #......      99%         1    ##.....

Your spell library contained the following spells:

 Spells                   Type           Power        Failure   Level  Hunger
 Ensorcelled Hibernation  Hex/Ice        #.....       100%        2    ###....
 Confuse                  Hex            #.......     100%        3    ####...
 Dazzling Spray           Conj/Hex       #.....       100%        3    ####...
 Tukima's Dance           Hex            #.......     100%        3    ####...


Dungeon Overview and Level Annotations

Branches:
Dungeon (2/15)

Altars:


Innate Abilities, Weirdness & Mutations

You reflexively headbutt those who attack you in melee.
You have a pair of horns on your head.


Message History

You barely miss the orc priest.
The orc priest hits you but does no damage. x2
You hit the orc priest.
The orc priest is moderately wounded.
The orc priest mumbles some strange prayers to Beogh against you.
Beogh smites you!
Your shield and scale mail prevent you from hitting the orc priest.
The orc priest is moderately wounded.
You block the orc priest's attack.
You hit the orc priest.
The orc priest is moderately wounded.
The orc priest miscasts a cantrip.
The orc priest calls down the wrath of Beogh upon you.
Beogh smites you!
* * * LOW HITPOINT WARNING * * *
You hit the orc priest but do no damage.
The orc priest is moderately wounded.
The orc priest invokes the aid of Beogh against you.
Pain shoots through your body!
You die...

#.# #.# #.#
#.# #.# # #.#
....#########
#.#
o.........o.#
#.#
#.#########@#
#.# #.# #.#
#.#########.#
#.)[........#
#############


You could see an orc priest.

Vanquished Creatures
  2 adders
  An ooze (D:1)
  An orc (D:2)
  4 bats (D:1)
  2 giant cockroaches (D:1)
  A goblin (D:1)
  A hobgoblin (D:1)
  8 jackals (D:1)
  2 frilled lizards (D:1)
  6 kobolds
  4 rats
32 creatures vanquished.

Notes
Turn   | Place    | Note
-------+----------+-------------------------------------------
     0 | D:1      | Kagalorn the Minotaur Wanderer began the quest for the Orb.
     0 | D:1      | Kagalorn set off with the following items: a +0 hand axe, a
                  | +0 ring mail, a ration; and the following spell memorised:
                  | Corona; and the following spells available to memorise:
                  | Ensorcelled Hibernation, Confuse, Tukima's Dance, Dazzling
                  | Spray
     0 | D:1      | Reached XP level 1. HP: 14/14 MP: 1/1
    70 | D:1      | Reached XP level 2. HP: 22/22 MP: 1/3
   414 | D:1      | Reached XP level 3. HP: 23/27 MP: 4/4
   571 | D:1      | Reached skill level 1 in Fighting
   601 | D:2      | Reached skill level 1 in Shields
   906 | D:2      | Killed from afar by an orc priest

Levels and vault maps discovered:
D:1:      giann_forest_graveyard, layout_rooms
D:2:      layout_loops_ring

Skill      XL: |  1  2  3 |
---------------+----------+-----
Axes           | 3 |  3.4
Fighting       | 1 |  1.2
Shields        | 1 |  1.0
Throwing       | |  1.0
Armour         | |  3.9
Dodging        | |  0.9
Stealth        | |  1.0
Spellcasting   | |  1.8
Hexes          | |  1.0

Action                   || total
-------------------------++-------
Melee: Hand axe          ||   100
       Headbutt          ||    16
Armor: Ring mail         ||    53
       Scale mail        ||     4
Dodge: Dodged            ||    45
Block: Shield            ||    55
